 Dungeon Crawl Stone Soup version 0.18.1-6-gd335043 (webtiles) character file.

8217 st0uf the Nimble (level 11, -2/97 HPs)
             Began as a White Draconian Berserker on May 15, 2016.
             Was a High Priest of Trog.
             Slain by a spiny frog (11 damage)
             ... on level 1 of the Lair of Beasts on May 16, 2016.
             The game lasted 00:52:35 (10424 turns).

st0uf the Nimble (White Draconian Berserker)       Turns: 10424, Time: 00:52:36

Health: -2/97      AC: 15    Str: 22    XL:     11   Next: 7%
Magic:  11/11      EV: 17    Int:  8    God:    Trog [*****.]
Gold:   508        SH:  0    Dex: 11    Spells: 0 memorised, 10 levels left

rFire  . . .     SeeInvis .     x - +0 mace (protect)
rCold  + . .     Gourm    .     (armour unavailable)
rNeg   . . .     Faith    .     (no shield)
rPois  .         Spirit   .     f - +1 hat
rElec  .         Dismiss  .     C - +0 cloak
rCorr  .         Reflect  .     v - +0 pair of gloves
SustAt .         Harm     .     (no boots)
MR     .....                    (no amulet)
Stlth  ++........               (no ring)
                                (no ring)

@: not resistant to hostile enchantments, unstealthy
A: breathe frost, unfitting armour, cold resistance 1, cold-blooded, AC +7
a: Breathe Frost, Berserk, Trog's Hand, Brothers in Arms, Burn Spellbooks,
Renounce Religion


You were on level 1 of the Lair of Beasts.
You worshipped Trog.
Trog was extremely pleased with you.
You were near starving.

You visited 3 branches of the dungeon, and saw 10 of its levels.

You collected 508 gold pieces.

Inventory:

Hand Weapons
 u - a +0 blowgun
 x - a +0 mace of protection (weapon)
 J - a +2 dire flail
 K - a +7 lajatang of protection
Missiles
 l - 32 poisoned needles
 s - 3 exploding tomahawks (quivered)
Armour
 f - a +1 hat (worn)
 v - a +0 pair of gloves (worn)
 C - a +0 cloak (worn)
Jewellery
 r - an uncursed ring of positive energy {unknown}
 F - an uncursed ring of fire {unknown}
Scrolls
 g - 15 scrolls of identify {unknown}
 i - 3 scrolls of magic mapping {unknown}
 k - 2 scrolls of recharging {unknown}
 q - 3 scrolls of teleportation {unknown}
 t - 3 scrolls of blinking {unknown}
 w - 4 scrolls of fear {unknown}
 y - 2 scrolls of enchant armour {unknown}
 z - a scroll of noise {unknown}
 E - a scroll of vulnerability {unknown}
 H - a scroll of torment {unknown}
 I - 5 scrolls of remove curse {unknown}
Potions
 a - a potion of lignification {unknown}
 c - 2 potions of flight {unknown}
 d - a potion of agility {unknown}
 e - a potion of ambrosia {unknown}
 h - 3 potions of heal wounds {unknown}
 j - a potion of magic {unknown}
 m - a potion of degeneration {unknown}
 n - 3 potions of might {unknown}
 p - 4 potions of curing
 A - 2 potions of brilliance {unknown}
Books
 o - a book of Spatial Translocations

   Spells                             Type                      Level
   a - Apportation                    Translocation                1
   b - Blink                          Translocation                2
   c - Shroud of Golubria             Charms/Translocation         2
   d - Portal Projectile              Translocation                3
   e - Teleport Other                 Translocation                3
   f - Passage of Golubria            Translocation                4
   Trog disapproves of the use of such an item.
 B - a book of Clouds

   Spells                             Type                      Level
   a - Mephitic Cloud                 Conjuration/Poison/Air       3
   b - Conjure Flame                  Conjuration/Fire             3
   c - Poisonous Cloud                Conjuration/Poison/Air       6
   d - Freezing Cloud                 Conjuration/Ice/Air          6
   e - Ring of Flames                 Charms/Fire                  7
   Trog disapproves of the use of such an item.
Comestibles
 b - 7 bread rations


   Skills:
 + Level 9.2 Fighting
 + Level 8.8(9.1) Maces & Flails
 + Level 3.4(6.5) Staves
 + Level 1.5 Throwing
 + Level 10.9 Dodging
 + Level 3.8 Stealth


You had 10 spell levels left.
You didn't know any spells.

Dungeon Overview and Level Annotations

Branches:
Dungeon (8/15)             Temple (1/1) D:5            Lair (1/8) D:8

Altars:
Ashenzari
Cheibriados
Dithmenos
Elyvilon
Fedhas
Gozag
Kikubaaqudgha
Makhleb
Nemelex Xobeh
Okawaru
Pakellas
Qazlal
Ru
Sif Muna
Trog
Vehumet
Xom
Yredelemnul
Zin
The Shining One


Innate Abilities, Weirdness & Mutations

You can breathe waves of freezing cold.
You can buffet flying creatures when you breathe cold.
Your icy white scales are hard (AC +7).
Your body does not fit into most forms of armour.
Your flesh is cold resistant.
You are cold-blooded and may be slowed by cold attacks.


Message History

The spiny frog completely misses you.
You barely miss the spiny frog.
Your tail-slap misses the spiny frog.
The spiny frog is heavily wounded.
* * * LOW HITPOINT WARNING * * *
You feel very sick. The spiny frog stings you!!
* * * LOW HITPOINT WARNING * * *
Drink which item? (? for menu, Esc to quit)
It was a potion of curing.
You feel better. The spiny frog barely misses you.
You hit the spiny frog.
The spiny frog is severely wounded.
The spiny frog barely misses you.
You barely miss the spiny frog.
You tail-slap the spiny frog, but do no damage.
The spiny frog is severely wounded.
The spiny frog barely misses you.
You closely miss the spiny frog.
The spiny frog is severely wounded.
The spiny frog stings you!
You die...

##########
..........##
#.######
............#
#..........
.......[.....#
#..........
.............##
#..........
.........F@...#
#..........
..............#
#..........
.............##
#..........
............#.#
#.........
#........P####
#........
...#...####
##<....รท. ###...###
#....... ###...###
#.......
#.##...#####........


You could see a spiny frog.

Vanquished Creatures
  A cyclops (D:8)
  A spiny frog (Lair:1)
  Prince Ribbit (D:7)
  5 blink frogs (Lair:1)
  Sigmund (D:2)
  5 yaks (D:8)
  A basilisk (Lair:1)
  A hippogriff (D:8)
  Duvessa (D:7)
  A porcupine (Lair:1)
  A water moccasin (Lair:1)
  An ice beast (D:8)
  3 orc warriors
  A necrophage (D:5)
  A sky beast (D:4)
  6 ogres
  3 phantoms
  5 centaurs
  3 crocodiles (D:8)
  A big kobold (D:8)
  The ghost of zkyp the Cutter, an amateur KoCj (D:6)
  4 giant frogs
  Dowan (D:7)
  A scorpion (Lair:1)
  3 wights (D:7)
  3 killer bees (D:8)
  2 howler monkeys
  2 crimson imps
  8 hounds
  2 giant frog zombies (D:5)
  Crazy Yiuf (D:5)
  2 giant frog skeletons
  6 orc priests
  2 iguanas
  12 orc wizards
  10 worker ants
  3 sheep (D:8)
  A hound skeleton (D:5)
  A howler monkey zombie (D:8)
  A worker ant zombie (D:7)
  11 adders
  3 gnolls (D:3)
  3 river rats (D:8)
  3 oozes
  An adder skeleton (D:4)
  A worm (D:4)
  2 dart slugs (D:1)
  3 giant geckos
  31 orcs
  2 ball pythons (D:3)
  16 bats
  7 giant cockroaches
  10 goblins
  5 hobgoblins
  28 jackals
  4 quokkas
  6 giant newts
  2 gnoll zombies (D:4)
  A jackal zombie (D:5)
  11 kobolds
  20 rats
279 creatures vanquished.

Vanquished Creatures (collateral kills)
  A hydra (Lair:1)
  A water moccasin (Lair:1)
2 creatures vanquished.

Vanquished Creatures (others)
  2 fungi (D:8)
  A plant (D:8)
3 creatures vanquished.

Grand Total: 284 creatures vanquished

Notes
Turn   | Place    | Note
--------------------------------------------------------------
     0 | D:1      | st0uf the Draconian Berserker began the quest for the Orb.
     0 | D:1      | Reached XP level 1. HP: 19/19 MP: 1/1
    94 | D:1      | Reached skill level 3 in Dodging
    94 | D:1      | Reached XP level 2. HP: 26/26 MP: 2/2
   374 | D:1      | Reached XP level 3. HP: 27/31 MP: 3/3
   526 | D:1      | Reached ** piety under Trog
  1052 | D:2      | Found a sacrificial altar of Ru.
  1091 | D:2      | Noticed Sigmund
  1097 | D:2      | Killed Sigmund
  1097 | D:2      | Reached skill level 1 in Stealth
  1097 | D:2      | Reached XP level 4. HP: 41/41 MP: 4/4
  1097 | D:2      | Reached XP level 5. HP: 47/47 MP: 5/5
  1289 | D:2      | Reached skill level 4 in Dodging
  1322 | D:2      | Found a stormy altar of Qazlal.
  1364 | D:2      | Reached *** piety under Trog
  1586 | D:2      | Found a faded altar to an unknown god.
  2179 | D:3      | Reached XP level 6. HP: 37/53 MP: 6/6
  2417 | D:3      | Found a bloodstained altar of Trog.
  2439 | D:3      | Received a gift from Trog
  2467 | D:3      | Found an iron altar of Okawaru.
  2467 | D:3      | Found an oddly glowing altar of Pakellas.
  2469 | D:3      | Found a shadowy altar of Dithmenos.
  2470 | D:3      | Found a sparkling altar of Nemelex Xobeh.
  2472 | D:3      | Found an opulent altar of Gozag.
  2473 | D:3      | Found a deep blue altar of Sif Muna.
  2497 | D:3      | Reached skill level 5 in Fighting
  2789 | D:3      | Found a white marble altar of Elyvilon.
  3041 | D:4      | Noticed a sky beast
  3062 | D:4      | Killed a sky beast
  3069 | D:4      | Reached skill level 5 in Dodging
  3148 | D:4      | Your scales start taking on an icy white colour.
  3148 | D:4      | Reached XP level 7. HP: 61/61 MP: 7/7
  3148 | D:4      | Gained mutation: Your flesh is cold resistant. [White Draconian growth]
  3154 | D:4      | Reached skill level 5 in Maces & Flails
  3420 | D:4      | Reached **** piety under Trog
  3493 | D:4      | HP: 3/61 [poisoned by an adder]
  3498 | D:4      | HP: 2/61 [poisoned by an adder]
  3507 | D:4      | HP: 2/61 [poisoned by an adder]
  3580 | D:5      | Entered Level 5 of the Dungeon
  4139 | D:4      | Found a basalt altar of Yredelemnul.
  4168 | D:4      | Received a gift from Trog
  4168 | D:4      | Reached skill level 6 in Dodging
  4637 | D:5      | Found a staircase to the Ecumenical Temple.
  4674 | D:5      | Reached XP level 8. HP: 70/70 MP: 8/8
  5080 | D:5      | Found a shimmering altar of Xom.
  5205 | D:5      | Reached skill level 7 in Dodging
  5575 | D:5      | Noticed Crazy Yiuf
  5589 | D:5      | Killed Crazy Yiuf
  6007 | D:6      | Reached skill level 1 in Throwing
  6105 | D:6      | Reached XP level 9. HP: 71/78 MP: 9/9
  6152 | D:6      | Noticed zkyp's ghost (amateur KoCj)
  6167 | D:6      | Killed zkyp's ghost
  6279 | D:6      | Found a burning altar of Makhleb.
  6382 | D:5      | Reached skill level 8 in Dodging
  6531 | D:6      | Reached ***** piety under Trog
  6637 | Temple   | Entered the Ecumenical Temple
  6810 | D:7      | Noticed Dowan
  6811 | D:7      | Noticed Duvessa
  6824 | D:7      | Killed Duvessa
  6829 | D:7      | Killed Dowan
  6886 | D:7      | Noticed Prince Ribbit
  6903 | D:7      | Killed Prince Ribbit
  8072 | D:8      | Reached skill level 9 in Dodging
  8301 | D:8      | Noticed a cyclops
  8316 | D:8      | Killed a cyclops
  8316 | D:8      | Reached XP level 10. HP: 88/88 MP: 10/10
  8723 | D:8      | Found a staircase to the Lair.
  8962 | D:8      | Received a gift from Trog
  9427 | D:8      | Reached skill level 10 in Dodging
  9482 | Lair:1   | Entered Level 1 of the Lair of Beasts
  9482 | Lair:1   | Noticed a spiny frog
  9505 | D:8      | Reached skill level 1 in Staves
  9625 | Lair:1   | Killed a spiny frog
 10109 | Lair:1   | Noticed an eight-headed hydra
 10240 | Lair:1   | Killed an eight-headed hydra
 10240 | Lair:1   | Reached XP level 11. HP: 57/97 MP: 11/11
 10420 | Lair:1   | HP: 2/97 [spiny frog (25)]
 10424 | Lair:1   | Slain by a spiny frog

Skill      XL: |  1  2  3  4  5  6  7  8  9 10 |
---------------+-------------------------------+-----
Dodging        | 3 4 5 6 7 9 10 | 10.9
Fighting       | 4 5 6 8 9 |  9.2
Maces & Flails | 4 5 6 8 |  8.8
Stealth        | 1 2 3 |  3.8
Throwing       | 1 |  1.5
Staves         | 3 |  3.4

Action                   |  1- 3 |  4- 6 |  7- 9 | 10-12 || total
-------------------------+-------+-------+-------+-------++-------
Melee: Mace              |    91 |   190 |   650 |   213 ||  1144
       Tailslap          |    15 |    23 |    92 |    53 ||   183
       Lajatang          |       |       |       |    85 ||    85
 Fire: Blowgun           |       |       |    11 |     7 ||    18
Invok: Berserk           |     1 |     4 |     9 |     2 ||    16
       Brothers in Arms  |       |       |     1 |     1 ||     2
       Trog's Hand       |       |       |     1 |       ||     1
 Abil: Breathe Frost     |       |       |    11 |     4 ||    15
  Use: Potion            |       |       |       |     1 ||     1
 Stab: Sleeping          |     1 |     2 |     2 |     1 ||     6
  Eat: Chunk             |     1 |    10 |    25 |     8 ||    44
       Meat ration       |       |       |     1 |       ||     1
       Beef jerky        |       |       |       |     1 ||     1
Armor: Skin              |    32 |    58 |   247 |    99 ||   436
Dodge: Dodged            |    61 |   142 |   456 |   239 ||   898
